 Dungeon Crawl Stone Soup version 0.29-a0-1052-g6990b1bffc (webtiles) character file.

Game seed: 4511905591316441530

2664 Ijustatesigmund the Thaumaturge (level 9, -4/51 HPs)
             Began as a Deep Elf Necromancer on Aug 17, 2022.
             Was a Believer of Kikubaaqudgha.
             Killed from afar by an electric eel (14 damage)
             ... with a bolt of electricity
             ... on level 6 of the Dungeon.
             The game lasted 00:21:52 (8029 turns).

Ijustatesigmund the Thaumaturge (DENe)              Turns: 8029, Time: 00:21:52

Health: -4/51      AC: 11    Str:  5    XL:     9   Next: 36%
Magic:  24/25      EV: 14    Int: 25    God:    Kikubaaqudgha [**....]
Gold:   325        SH:  5    Dex: 15    Spells: 15/28 levels left

rFire   . . .      SeeInvis .   e - +4 trident (protect)
rCold   . . .      Faith    .   (no shield)
rNeg    . . .      Spirit   .   a - +0 robe
rPois   .          Reflect  +   z - +1 helmet
rElec   .          Harm     .   (no cloak)
rCorr   .          Rampage  .   o - +1 pair of gloves
Will    .....                   x - +0 pair of boots
Stlth   ++........              i - amulet of reflection
HPRegen 0.17/turn               k - ring of wizardry
MPRegen 0.19/turn               u - +4 ring of protection

@: no status effects
A: no striking features
a: Renounce Religion, Unearth Wretches


You were on level 6 of the Dungeon.
You worshipped Kikubaaqudgha.
Kikubaaqudgha was pleased with you.
You visited 2 branches of the dungeon, and saw 8 of its levels.
You also visited: Sewer.

You collected 325 gold pieces.

Inventory:

Hand Weapons
 c - a +1 short sword
 e - a +4 trident of protection (weapon)
Missiles
 d - 4 throwing nets
 y - 2 silver javelins
Armour
 a - a +0 robe (worn)
 o - a +1 pair of gloves (worn)
 p - a +0 kite shield
 x - a +0 pair of boots (worn)
 z - a +1 helmet (worn)
Magical Staves
 r - a staff of fire
Jewellery
 i - an amulet of reflection (around neck)
 k - a ring of wizardry (left hand)
 u - a +4 ring of protection (right hand)
 B - a ring of ice
 E - a ring of protection from fire
Wands
 n - a wand of flame (23)
Scrolls
 q - 2 scrolls of enchant weapon
 s - a scroll of magic mapping
 w - a scroll of summoning
 A - 2 scrolls of identify
 C - a scroll of fear
 D - a scroll of silence {unknown}
Potions
 b - a potion of attraction
 f - 6 potions of curing
 g - 2 potions of cancellation
 h - 4 potions of flight
 j - a potion of mutation
 l - 3 potions of heal wounds
 m - 2 potions of brilliance
 t - 2 potions of haste
 v - a potion of might


   Skills:
 + Level 3.5 Fighting
 - Level 2.6 Short Blades
 - Level 5.3 Dodging
 - Level 2.4 Stealth
 + Level 10.2 Spellcasting
 + Level 10.2 Necromancy
 + Level 2.3 Earth Magic


You had 15 spell levels left.
You knew the following spells:

 Your Spells              Type           Power      Damage    Failure   Level
a - Necrotise             Necr           100%       1d9       1%          1
b - Vampiric Draining     Necr           59%        2d10      1%          3
c - Dispel Undead         Necr           59%        3d21      1%          4
d - Borgnjor's Vile Clut  Necr/Erth      22%        N/A       4%          5

Your spell library contained the following spells:

 Spells                   Type           Power      Damage    Failure   Level
 Animate Dead             Necr           59%        N/A       1%          4
 Agony                    Necr           59%        N/A       1%          5
 Anguish                  Hex/Necr       19%        N/A       2%          4
 Corpse Rot               Necr/Pois/Air  29%        N/A       4%          4
 Inner Flame              Hex/Fire       12%        N/A       6%          3
 Cause Fear               Hex            6%         N/A       19%         4
 Simulacrum               Ice/Necr       19%        N/A       32%         6
 Discord                  Hex            6%         N/A       100%        8


Dungeon Overview and Level Annotations

Branches:
Dungeon (7/15)             Temple (1/1) D:6           Sewer (visited)

Altars:
Ashenzari
Elyvilon
Kikubaaqudgha
Makhleb
Okawaru
Qazlal
Ru
Sif Muna
Trog
Vehumet
Wu Jian
Xom
Yredelemnul
Zin

Shops:
D:1 !


Message History

The electric eel shoots out a bolt of lightning at you!
The bolt of electricity misses you.
The electric eel shoots out a bolt of lightning at you!
The bolt of electricity hits you!
Aiming: Throw Flame
Press: ? - help, Shift-Dir - straight line, f - electric eel
Aim: an electric eel (48% to hit)
The puff of flame misses the electric eel.
The electric eel is engulfed in a cloud of scalding steam.
Casting: Vampiric Draining (safe; 1% risk of failure)
Confirm with . or Enter, or press ? or * to list all spells.
Aiming: Necrotise (safe; 1% risk of failure)
Press: ? - help, Shift-Dir - straight line, f/p - electric eel
Aim: an electric eel (steam, severely wounded, chance to affect: 88%)
The electric eel writhes in agony!
You kill the electric eel!
Kikubaaqudgha accepts your kill.
The electric eel shoots out a bolt of lightning at you!
The bolt of electricity misses you.
Aiming: Throw Flame
Press: ? - help, Shift-Dir - straight line, f - electric eel
Aim: an electric eel (water, 48% to hit)
Okay, then.
Casting: Necrotise (safe; 1% risk of failure)
Confirm with . or Enter, or press ? or * to list all spells.
You can't see any susceptible monsters within range! (Use Z to cast anyway.)
The plant is engulfed in a cloud of scalding steam.
The plant begins to die.
The electric eel shoots out a bolt of lightning at you!
The bolt of electricity hits the plant!
The plant begins to die.
The bolt of electricity misses you.
The electric eel shoots out a bolt of lightning at you!
The bolt of electricity hits the plant!
The bolt of electricity hits you!
The electric eel shoots out a bolt of lightning at you!
The bolt of electricity hits you. The bolt of electricity hits you!
* * * LOW HITPOINT WARNING * * *
The electric eel shoots out a bolt of lightning at you!
The bolt of electricity hits you!
You die...
Kikubaaqudgha rasps: "You have failed me!
Welcome... death!"

..#.........#....###..###........
..#..⌠...⌠..#...## #...##........
..............#..###...######....
..#.........####..###...# #####
..##.##.##.###..........#
........##....#######...##
.......####.###..~~~##...# #
.......######~~.####~##..## #
.......##...~~##@..##.#...# ##
.......#..#####.....#.#...## ##.
......## #.....#.#....# #..
......# #.P.PP#~##...####..
......# #.....#/~~.~#~###........
###..## #~P.P.#..§)!#~# #........
#### #[P.P.#≈S.S≈#~###........
#.)[?~##≈§≈##~##..#...... #
#≈≈S≈≈######~###.##).....


You could see 2 electric eels.

Vanquished Creatures
  A boulder beetle (D:6)
  An ice beast (D:6)
  An orc warrior (D:6)
  2 sky beasts (D:6)
  2 centaurs
  A kobold brigand (D:7)
  3 scorpions
  4 bullfrogs
  2 necrophages (D:5)
  A gnoll sergeant (D:7)
  An electric eel (D:6)
  A jelly (D:7)
  3 hounds
  A gnoll bouda (D:7)
  An orc priest (D:6)
  2 iguanas (D:6)
  Robin (D:4)
  12 adders
  8 gnolls
  2 river rats (Sewer)
  An ufetubus (D:5)
  2 worms
  2 dart slugs
  6 orcs
  9 endoplasms
  6 giant cockroaches
  7 hobgoblins
  5 jackals
  3 quokkas
  11 ball pythons
  9 bats
  5 frilled lizards
  15 goblins
  7 kobolds
  23 rats
161 creatures vanquished.

Vanquished Creatures (collateral kills)
  A centaur (D:7)
  A howler monkey (D:7)
  An orc priest (D:7)
  2 orc wizards (D:7)
  An adder (Sewer)
  3 orcs
  3 ball pythons (Sewer)
  A bat (D:3)
  A goblin (D:1)
  A kobold (D:3)
  7 rats
22 creatures vanquished.

Grand Total: 183 creatures vanquished

Notes
Turn   | Place    | Note
-------+----------+-------------------------------------------
     0 | D:1      | Ijustatesigmund the Deep Elf Necromancer began the quest
                  | for the Orb.
     0 | D:1      | Reached XP level 1. HP: 10/10 MP: 6/6
    24 | D:1      | Found Moiruvvu's Distillery.
    71 | D:1      | Reached skill level 5 in Necromancy
   198 | D:1      | Reached XP level 2. HP: 15/15 MP: 6/8
  1108 | D:2      | Found a faded altar of an unknown god.
  1165 | D:2      | Reached XP level 3. HP: 19/19 MP: 7/10
  1169 | D:2      | Learned a level 3 spell: Vampiric Draining
  2287 | D:3      | Reached XP level 4. HP: 24/24 MP: 9/12
  2547 | D:3      | Reached skill level 1 in Short Blades
  2648 | D:3      | Reached skill level 1 in Fighting
  2744 | D:3      | Found an ornate altar of the Wu Jian Council.
  2744 | D:3      | Found a white marble altar of Elyvilon.
  3173 | D:4      | You fall into a shaft and drop 3 floors!
  3182 | D:7      | Reached XP level 5. HP: 29/29 MP: 14/14
  3185 | D:7      | Noticed a centaur
  3188 | D:7      | Killed a centaur
  3189 | D:7      | Reached skill level 5 in Spellcasting
  3196 | D:7      | Reached XP level 6. HP: 35/35 MP: 4/16
  3510 | D:7      | Noticed a cyclops
  3533 | D:7      | Reached XP level 7. HP: 17/40 MP: 11/18
  4519 | D:6      | Reached skill level 5 in Dodging
  4519 | D:6      | Reached XP level 8. HP: 35/44 MP: 10/21
  4857 | D:6      | Found a staircase to the Ecumenical Temple.
  4870 | Temple   | Entered the Ecumenical Temple
  4905 | Temple   | Became a worshipper of Kikubaaqudgha
  5041 | D:6      | Found a shimmering blue altar of Sif Muna.
  5058 | D:5      | Entered Level 5 of the Dungeon
  5108 | D:5      | Found a glowing drain.
  5133 | Sewer    | Entered a sewer
  5326 | Sewer    | Reached * piety under Kikubaaqudgha
  5326 | Sewer    | Received a gift from Kikubaaqudgha
  5593 | Sewer    | Reached ** piety under Kikubaaqudgha
  6261 | D:4      | Noticed Robin
  6273 | D:4      | Killed Robin
  7718 | D:6      | Reached *** piety under Kikubaaqudgha
  7718 | D:6      | Received a gift from Kikubaaqudgha
  7724 | D:6      | Learned a level 4 spell: Dispel Undead
  7746 | D:6      | Reached XP level 9. HP: 32/49 MP: 14/24
  7752 | D:6      | Learned a level 5 spell: Borgnjor's Vile Clutch
  7875 | D:6      | Noticed a boulder beetle
  7912 | D:6      | Killed a boulder beetle
  7913 | D:6      | Reached skill level 10 in Spellcasting
  7913 | D:6      | Reached skill level 10 in Necromancy
  8029 | D:6      | Killed from afar by an electric eel

Illustrated notes

Levels and vault maps discovered:
D:1:      erik_arrival_orb_chamber, layout_rooms, serial_shops, shop,
          minmay_splitting_lines, minmay_pentomino_u2
D:2:      layout_basic, shapermc_ecumenical_altar_ellora,
          minmay_misc_feat_encased
D:3:      layout_loops_ring, minitemple, amethyst_killhole, st_stairs_10,
          columned_hall_lemuel
D:4:      layout_cave_pools, uniq_robin
D:5:      layout_loops_corners, portal_sewer_entry_f
D:6:      cheibrodos_two_vegetables, layout_cave_pods,
          nicolae_sif_muna_condensation, minmay_temple_entry_large_hall
D:7:      layout_layer_cave, minmay_increasing_density
Temple:   nicolae_temple_ecumenical_triangle

Skill      XL: |  1  2  3  4  5  6  7  8  9 |
---------------+----------------------------+-----
Necromancy     | 5 6 7 8 9 10 | 10.2
Spellcasting   | 4 5 6 7 9 10 | 10.2
Short Blades   | 1 2 |  2.6
Fighting       | 1 2 3 |  3.5
Dodging        | 3 5 |  5.3
Earth Magic    | 2 |  2.3
Stealth        | |  2.4

Action                   |  1- 3 |  4- 6 |  7- 9 || total
-------------------------+-------+-------+-------++-------
Melee: Short sword       |    22 |     1 |       ||    23
       Trident           |       |       |    78 ||    78
       Punch             |       |       |     3 ||     3
 Cast: Necrotise         |    56 |    35 |   155 ||   246
       Vampiric Draining |       |    12 |    33 ||    45
       Borgnjor's Vile C |       |       |     2 ||     2
Evoke: Wand              |       |       |     3 ||     3
  Use: Scroll            |     6 |     3 |    10 ||    19
       Potion            |       |     2 |     2 ||     4
 Stab: Sleeping          |     1 |       |     3 ||     4
Armor: Robe              |     5 |     4 |    36 ||    45
Dodge: Dodged            |    15 |     7 |   110 ||   132
Block: Other             |       |     3 |    41 ||    44
       Reflection        |       |       |     3 ||     3

Table legend: (Time is in decaauts)
 A = Elapsed time spent in this place.
 B = Non-inter-level travel time spent in this place.
 C = Inter-level travel time spent in this place.
 D = Time resting spent in this place.
 E = Time spent auto-exploring this place.
 F = Levels seen in this place.
 G = Mean time per level.
                   A        B        C        D        E       F      G
               +--------+--------+--------+--------+--------+-----+--------+
         Total |   8103 |   7963 |    140 |   1547 |   5284 |   9 |  900.3 |
       Dungeon |   7455 |   7329 |    126 |   1547 |   4813 |   7 | 1065.0 |
        Temple |     48 |     35 |     13 |      0 |     25 |   1 |   48.0 |
         Sewer |    599 |    599 |      0 |      0 |    446 |   1 |  599.0 |
               +--------+--------+--------+--------+--------+-----+--------+

Top non-repeatable levels by time:
     D:2: 1503 daAuts
     D:6: 1372 daAuts
     D:5: 1173 daAuts
     D:3: 1069 daAuts
     D:7: 919 daAuts
     D:4: 817 daAuts
   Sewer: 599 daAuts
     D:1: 599 daAuts
  Temple: 48 daAuts
